[Event "Late-Titled-Tuesday-Blitz-April-30-2024"]
[Site "Chess.com"]
[Date "2024.04.30"]
[Round "8"]
[White "gmcorrales"]
[Black "ChadBiryani"]
[Result "1-0"]
[WhiteElo "2822"]
[BlackElo "2522"]
[TimeControl "180+1"]
[EndTime "15:28:29 PDT"]
[Termination "gmcorrales won on time"]

1. e4 d6 2. d4 Nf6 3. Nc3 e5 4. dxe5 dxe5 5. Qxd8+ Kxd8 6. Bc4 Bb4 7. Bg5 Bxc3+ 8.
bxc3 Be6 9. O-O-O+ Nd7 10. Bxe6 fxe6 11. Nf3 Kc8 12. Rhe1 a5 13. a4 Ra6 14. Bh4 Rc6 15. Re3 Rc4 16. Ng5 Re8 17. f3 Rxa4 18. Kb2 Nb6 19. Red3 Nc4+ 20. Kb1 Na3+ 21. Kb2 Nc4+ 22. Kb1 b5 23. Bf2 Na3+ 24. Kb2 Nc4+ 25. Kb1 Kb7 26. Bc5 Kc6 27. Be3 Na3+ 28. Kb2 Nc4+ 29.
Kb1 Re7 30. Bc1 h6 31. Nh3 Nd7 32. Nf2 b4 33. Ng4 Nc5 34. Rd8 bxc3 35. Ra8 h5 36.
Ne3 Nb6 37. Rg8 Rb4+ 38. Ka2 Rd4 39. Re1 Na6 40. Ba3 Nb4+ 41. Kb3 a4+ 42. Kxc3 Red7 43.
Bxb4 a3 44. Bxa3 Na4+ 45. Kb3 Nb6 46. Bb4 Na8 47. Bc3 Nb6 48. Bxd4 exd4 49. Nc4 Nxc4 50.
Kxc4 e5 51. Rf8 1-0

[Event "Late-Titled-Tuesday-Blitz-April-30-2024"]
[Site "Chess.com"]
[Date "2024.04.30"]
[Round "8"]
[White "MNyuyu"]
[Black "ahmedkandiliii"]
[Result "0-1"]
[WhiteElo "2394"]
[BlackElo "2616"]
[TimeControl "180+1"]
[EndTime "15:28:29 PDT"]
[Termination "ahmedkandiliii won on time"]

1. c4 g6 2. Nc3 Bg7 3. g3 Nf6 4. Bg2 O-O 5. e4 d6 6. Nge2 c5 7. d3 Nc6 8. h3 a6 9. O-O Rb8 10. a4 Bd7 11. Be3 Qc7 12. Kh2 e6 13. d4 cxd4 14.
Nxd4 Ne5 15. b3 Rfd8 16. Qd2 Nc6 17. Rad1 Nxd4 18. Bxd4 Bc6 19. Qe3 Qe7 20. e5 dxe5 21.
Bxe5 Bxg2 22. Kxg2 Rbc8 23. Ne4 Ng4 24. hxg4 Bxe5 25. g5 Bg7 26. f3 Rxd1 27. Rxd1 Rd8 28. Rxd8+ Qxd8 29. b4 Qd1 30. Qc5 Bd4 31. Nf6+ Kg7 32.
Ne8+ Kg8 33. Nf6+ Bxf6 34. gxf6 Qc2+ 35. Kg1 Qc1+ 36. Kg2 Qb2+ 37. Kh3 Qxf6 38. Qc8+ Kg7 39. Qxb7 Qf5+ 40. g4 Qc2 41. Qe4 Qxa4 42. g5 Qxb4 43. Qd4+ Kg8 44. Qd8+ Qf8 45. Qa5 Qc8 46. c5 Kf8 0-1

[Event "Late-Titled-Tuesday-Blitz-April-30-2024"]
[Site "Chess.com"]
[Date "2024.04.30"]
[Round "8"]
[White "el008"]
[Black "jaramsdal"]
[Result "1/2-1/2"]
[WhiteElo "2531"]
[BlackElo "2394"]
[TimeControl "180+1"]
[EndTime "15:28:29 PDT"]
[Termination "Game drawn by agreement"]

1. b3 e5 2. Bb2 d6 3. g3 Nf6 4.
Bg2 Be7 5. e4 O-O 6. Ne2 Re8 7.
O-O Bf8 8. c4 c5 9. Nbc3 Nc6 10.
d3 Nd4 11. f4 Bg4 12. h3 Bxe2 13. Nxe2 Nd7 14. f5 Be7 15. Bxd4 cxd4 16. b4 a5 17. b5 Bg5 18. a4 Nc5 19. h4 Be3+ 20. Kh2 f6 21. g4 Kf7 22. Nc1 Ke7 23. Nb3 b6 24. Nxc5 dxc5 25. Kg3 Kd6 26. Kf3 Rg8 27. Qe1 h5 28.
gxh5 Qe8 29. Ke2 Qxh5+ 30. Bf3 Qh6 31. h5 Ra7 32. Kd1 Re8 33. Kc2 Ree7 34. Kb3 Bf4 35.
Ra2 Be3 36. Rg2 Bg5 37. Rfg1 Bf4 38. Rg6 Qh8 39. Qh4 Bh6 40. R1g2 Rf7 41. R2g4 Rae7 42.
Qh3 Kc7 43. Qg2 Kb8 44. Be2 Ka7 45. Rg3 Kb8 46. Rh3 Ka7 47. Bg4 Kb8 48. Qf3 Ka7 49.
Rh1 Kb8 50. Rg1 Ka7 51. Rg2 Kb8 52. Kc2 Ka7 53. Qf1 Kb8 54. Qg1 Ka7 55. Qh1 Kb8 56.
Bf3 Ka7 57. R2g4 Kb8 58. Kb3 Ka7 1/2-1/2

[Event "Late-Titled-Tuesday-Blitz-April-30-2024"]
[Site "Chess.com"]
[Date "2024.04.30"]
[Round "8"]
[White "AldokhinIvan"]
[Black "NajdorfPlayerc5"]
[Result "0-1"]
[WhiteElo "2640"]
[BlackElo "2500"]
[TimeControl "180+1"]
[EndTime "15:28:31 PDT"]
[Termination "NajdorfPlayerc5 won by checkmate"]

1. e4 c5 2. Nf3 d6 3. d4 cxd4 4. Nxd4 Nf6 5. Nc3 e5 6. Nb3 Be7 7. h3 Be6 8. g4 h6 9. Bg2 Nbd7 10. O-O a6 11. a4 Qc7 12. Be3 Rd8 13. Rc1 Nc5 14.
Nxc5 dxc5 15. Qe2 O-O 16. Rcd1 Rxd1 17. Rxd1 Rd8 18. Nd5 Bxd5 19. exd5 Ne8 20. Bc1 Bf6 21. Be4 Nd6 22. Kg2 b5 23. axb5 axb5 24. Rh1 Qb7 25. f3 Bh4 26. Be3 c4 27. Qd2 Ra8 28. Qb4 Be7 29. Qd2 b4 30. h4 Ra2 31. Qc1 c3 32. b3 Qa6 33. Kf2 Nb5 34. g5 h5 35. g6 Nd6 36.
gxf7+ Kxf7 37. Rg1 Bxh4+ 38. Kg2 Nxe4 39. Kh3 Bf2 40.
fxe4 Qc8+ 41. Kg2 Bh4 42. Kh1 Qh3# 0-1

[Event "Late-Titled-Tuesday-Blitz-April-30-2024"]
[Site "Chess.com"]
[Date "2024.04.30"]
[Round "8"]
[White "Artem_Koval"]
[Black "georgpapi"]
[Result "1-0"]
[WhiteElo "2548"]
[BlackElo "2384"]
[TimeControl "180+1"]
[EndTime "15:28:31 PDT"]
[Termination "Artem_Koval won by checkmate"]

1. Nf3 Nf6 2. b3 g6 3. Bb2 Bg7 4. d4 O-O 5. e3 d5 6. c4 c6 7. Nc3 Bf5 8. Be2 Ne4 9. O-O Nd7 10.
Nxe4 Bxe4 11. Nd2 Bf5 12. Bf3 Nf6 13. Re1 Re8 14. Rc1 Qa5 15. a3 Ne4 16. b4 Qd8 17.
Nxe4 dxe4 18. Be2 e5 19. d5 a5 20. d6 Qg5 21. c5 h5 22. Kh1 h4 23. h3 Qf6 24. b5 Bd7 25. bxc6 Bxc6 26. Rf1 Qg5 27. Bc4 Rad8 28. Bd5 Kh7 29. Bxc6 bxc6 30. Bc3 f5 31. Bxa5 Rd7 32. Qa4 Rc8 33. Bc7 f4 34. Qxe4 fxe3 35. fxe3 Rcxc7 36. dxc7 Rxc7 37. a4 Ra7 38. Qxc6 Ra5 39. Qe4 Ra7 40. c6 Rc7 41. a5 Qd8 42. a6 Qa8 43. Qxh4+ Kg8 44. Qc4+ Kh7 45. Rf7 Rxf7 46. Qxf7 Qxa6 47. c7 e4 48. c8=Q Qxc8 49. Rxc8 g5 50. Rg8 g4 51. Qxg7# 1-0

[Event "Late-Titled-Tuesday-Blitz-April-30-2024"]
[Site "Chess.com"]
[Date "2024.04.30"]
[Round "8"]
[White "GMKrikor"]
[Black "GM_dmitrij"]
[Result "0-1"]
[WhiteElo "2894"]
[BlackElo "2989"]
[TimeControl "180+1"]
[EndTime "15:28:32 PDT"]
[Termination "GM_dmitrij won by resignation"]

1. Nf3 d5 2. c4 e6 3. d4 Nf6 4. Nc3 Nbd7 5. cxd5 exd5 6. Bf4 c6 7.
e3 Nh5 8. Bg5 Be7 9. Bxe7 Qxe7 10. Qc2 Nb6 11. Be2 g6 12. O-O O-O 13. Rfe1 Nf6 14. Ne5 Bf5 15. Bd3 Bxd3 16. Nxd3 Rfe8 17. Rab1 Nc4 18. a4 a5 19. h3 Rad8 20. Qc1 Qc7 21. b3 Nd6 22. b4 axb4 23. Rxb4 Ra8 24. Nb5 Nxb5 25. axb5 Ne4 26. bxc6 bxc6 27. Rb2 Qd6 28. Rc2 Ra6 29. Qb2 Rb8 30. Qc1 Rba8 31. Qb2 Rb8 32. Qc1 h5 33. Rb2 Rba8 34. Qc2 h4 35. Rc1 Ra3 36. Nc5 Rc3 37. Qd1 Rxc1 38. Qxc1 Nxc5 39. dxc5 Qe5 40. Rb1 Ra4 41. Qf1 Rc4 42. Rc1 Qe4 43. Qd1 Kh7 44. Kh1 Qe6 45. Kg1 Qf6 46. Rxc4 dxc4 47.
Qd6 Kg7 48. Qd4 Qxd4 49. exd4 c3 0-1

[Event "Late-Titled-Tuesday-Blitz-April-30-2024"]
[Site "Chess.com"]
[Date "2024.04.30"]
[Round "8"]
[White "burritus"]
[Black "Romkachess"]
[Result "0-1"]
[WhiteElo "2426"]
[BlackElo "2626"]
[TimeControl "180+1"]
[EndTime "15:28:32 PDT"]
[Termination "Romkachess won by checkmate"]

1. Nf3 Nf6 2. c4 e6 3. g3 b6 4. Bg2 Bb7 5. O-O Be7 6. Nc3 O-O 7. Re1 d5 8. cxd5 Nxd5 9. e4 Nxc3 10. bxc3 c5 11. d4 Nc6 12. d5 Na5 13. Qc2 exd5 14. exd5 Bf6 15. Bf4 Qxd5 16. Rad1 Qh5 17. Ng5 Bxg2 18.
g4 Qh4 19. Qf5 Bb7 20. Rd3 Rfe8 21. Rc1 Bxg5 22. Bxg5 g6 23. Qf4 Re4 24. Qxf7+ Kxf7 25. Bxh4 Ke6 26. Bg3 c4 27. Rd6+ Ke7 28. Rcd1 Bc6 29. f3 Re2 30. Bh4+ Kf7 31. Rf6+ Kg7 32. Bf2 Kxf6 33. Bd4+ Kf7 34. Rf1 Rae8 35. h4 Rxa2 36. h5 Ree2 37. hxg6+ hxg6 38. Rd1 Rg2+ 39. Kf1 Bxf3 40.
Rb1 Nb3 41. Bg1 Nd2+ 42. Ke1 Re2+ 43. Kd1 Ne4 44. Kc1 Rec2# 0-1

[Event "Late-Titled-Tuesday-Blitz-April-30-2024"]
[Site "Chess.com"]
[Date "2024.04.30"]
[Round "8"]
[White "maracayo"]
[Black "anasta10"]
[Result "0-1"]
[WhiteElo "2375"]
[BlackElo "2609"]
[TimeControl "180+1"]
[EndTime "15:28:33 PDT"]
[Termination "anasta10 won by resignation"]

1. e4 g6 2. d4 Bg7 3. Nf3 d6 4. Bd3 a6 5. a4 c5 6. c3 Nf6 7.
O-O O-O 8. h3 Nc6 9. Re1 cxd4 10.
cxd4 e5 11. dxe5 dxe5 12. Nc3 Be6 13. Ng5 Bd7 14. Be3 h6 15. Nf3 Be6 16. Qd2 Kh7 17.
Rad1 Bb3 18. Bc2 Qxd2 19. Rxd2 Bxc2 20. Rxc2 Rfd8 21. Bb6 Rd7 22. Rd2 Rxd2 23. Nxd2 Nd7 24. Be3 Nd4 25. Bxd4 exd4 26. Nd5 Rc8 27. b3 Rc2 28. Nc4 Nc5 29. Na5 d3 30. Rd1 Bd4 31. Ne3 Bxe3 32. fxe3 d2 33. Kf2 Nxe4+ 34. Ke2 Rc1 35.
Rxd2 Nxd2 36. Kxd2 Rc7 37. Nc4 Kg7 38. Kd3 Kf6 39.
a5 Ke6 40. Kd4 f6 41. e4 h5 42. g4 hxg4 43. hxg4 Rh7 44. Ne3 Kd6 45. b4 Kc6 46. Kc4 Re7 47. Kd4 Kd6 48. Nd5 Rf7 49. Ne3 Ke6 50.
Nd5 Rd7 51. Ke3 Rxd5 52. exd5+ Kxd5 53. Kf4 Kc4 54. Ke4 Kxb4 55. Kd5 f5 56. Ke6 fxg4 0-1

[Event "Late-Titled-Tuesday-Blitz-April-30-2024"]
[Site "Chess.com"]
[Date "2024.04.30"]
[Round "8"]
[White "Bryanl106"]
[Black "NoSpaghettiForYou"]
[Result "1-0"]
[WhiteElo "2691"]
[BlackElo "2512"]
[TimeControl "180+1"]
[EndTime "15:28:35 PDT"]
[Termination "Bryanl106 won by resignation"]

1. e4 c5 2. Nf3 Nc6 3. d4 cxd4 4.
Nxd4 Nf6 5. Nc3 h5 6. Bg5 Qa5 7. Bxf6 gxf6 8. Qd2 Bh6 9. Qd3 Ne5 10. Qd1 a6 11.
Be2 b5 12. O-O Bb7 13. Nd5 e6 14. Nxf6+ Ke7 15. Nxh5 Bxe4 16. Ng3 Bb7 17. Re1 Bf4 18.
Nh5 Ng6 19. Bf3 Qc7 20. Bxb7 Bxh2+ 21. Kf1 Qxb7 22. Qg4 Be5 23. Rxe5 Nxe5 24. Qg5+ Kd6 25. Rd1 Rag8 26. Nf3+ Kc6 27. Nxe5+ Kb6 28. Qe3+ Ka5 29. b4+ Kxb4 30. Qd2+ Ka4 31. Ng3 Rh4 32. Nd3 Qd5 33. Qe3 Ka5 34. Kg1 Rgg4 35. Qe1+ Kb6 36. Nb4 Qc5 37.
Nd3 Qf5 38. Qe3+ Kb7 39. Nc5+ Kc7 40. Nxd7 Kc8 41. Nb6+ Kb7 42. Nd7 Kc7 43. Ne5 Qf6 44. Nxg4 Rxg4 45. Qc5+ Kb8 46. Qb6+ Kc8 47. Qc6+ Kb8 48.
Qd6+ Kc8 49. Qd7+ Kb8 50. Qd8+ Kb7 51. Qxf6 1-0

[Event "Late-Titled-Tuesday-Blitz-April-30-2024"]
[Site "Chess.com"]
[Date "2024.04.30"]
[Round "8"]
[White "wild3000"]
[Black "dealshark"]
[Result "1-0"]
[WhiteElo "2495"]
[BlackElo "2313"]
[TimeControl "180+1"]
[EndTime "15:28:35 PDT"]
[Termination "wild3000 won by resignation"]

1. d4 d5 2. c4 e6 3. Nc3 c5 4.
cxd5 exd5 5. Nf3 Nc6 6. Bf4 Nf6 7. e3 Be7 8. dxc5 Bxc5 9. Be2 O-O 10. O-O Bg4 11. Rc1 Rc8 12. h3 Bh5 13. Nb5 Qb6 14. a3 a6 15. Nd6 Bxd6 16. Bxd6 Rfd8 17. Bc5 Qc7 18. b4 Ne4 19. Bd4 Qe7 20. Bb2 h6 21. Nd4 Bxe2 22. Nxe2 Ne5 23. Rxc8 Rxc8 24. Qxd5 Nc4 25.
Qd4 Nxb2 26. Qxb2 Qg5 27. Nd4 Qf6 28. f3 Ng3 29. Rc1 Re8 30. Qf2 Nf5 31. Nxf5 Qxf5 32. e4 Qf4 33. Rd1 Rc8 34. Qd2 Qe5 35. Qd4 Qf4 36.
e5 Qxd4+ 37. Rxd4 Rc3 38. Rd7 Rxa3 39. Rxb7 Rb3 40. Rb6 a5 41. bxa5 Ra3 42. a6 Kf8 43. e6 fxe6 44. Rxe6 Kf7 45. Rb6 Ra2 46. h4 h5 47. Kh2 g6 48. Kg3 Kg7 49. Rb7+ Kf6 50.
a7 Ra4 51. Kf2 Ra3 52. Ke2 Ra4 53. Kd3 Ra3+ 54. Kc4 Ra6 55. Kb5 Ra1 56. Rb6+ Kf7 57. Ra6 Rb1+ 58. Kc5 Rc1+ 59. Kd5 Rd1+ 60. Ke5 Re1+ 61.
Kf4 1-0

[Event "Late-Titled-Tuesday-Blitz-April-30-2024"]
[Site "Chess.com"]
[Date "2024.04.30"]
[Round "8"]
[White "KuzubovYuriy"]
[Black "Mischuk_D"]
[Result "0-1"]
[WhiteElo "2960"]
[BlackElo "2834"]
[TimeControl "180+1"]
[EndTime "15:28:36 PDT"]
[Termination "Mischuk_D won on time"]

1. d4 Nf6 2. c4 g6 3. Nc3 d5 4. cxd5 Nxd5 5. Bd2 Bg7 6. e4 Nxc3 7. Bxc3 O-O 8. Nf3 c5 9. d5 e6 10. Bc4 exd5 11. Bxd5 Nc6 12. O-O Bg4 13. Bxg7 Kxg7 14. Bxc6 bxc6 15. Qe2 Bxf3 16. Qxf3 Qd4 17. b3 Rfe8 18.
Rfe1 Rad8 19. Rac1 Qe5 20. g3 Rd4 21. Kg2 a5 22. Re3 a4 23. bxa4 Rxa4 24. a3 Rxe4 25. Rxe4 Qxe4 26. Rxc5 Qxf3+ 27. Kxf3 Ra8 28. Rc3 Ra4 29.
Ke3 Kf8 30. Kd3 Ke7 31. Kc2 Kd6 32. Kb3 Re4 33. Re3 Rd4 34. Kc3 Ra4 35. Kb2 c5 36. Rd3+ Kc6 37. Rf3 Ra7 38. Rf6+ Kd5 39. g4 Kd4 40. g5 c4 41. Rd6+ Kc5 42. Rd1 Rb7+ 43. Kc2 Re7 44. Rd2 Re5 45. f4 Re3 46. Rd7 Rxa3 47.
Rxf7 Ra2+ 48. Kb1 Rxh2 49. f5 gxf5 50. Rxf5+ Kb4 51. Rf3 Kc5 52. Rf7 Kd4 53. Rf3 Ke4 54. Ra3 Rh5 0-1

[Event "Late-Titled-Tuesday-Blitz-April-30-2024"]
[Site "Chess.com"]
[Date "2024.04.30"]
[Round "8"]
[White "Hikaru"]
[Black "Kobalia"]
[Result "1-0"]
[WhiteElo "3202"]
[BlackElo "2797"]
[TimeControl "180+1"]
[EndTime "15:28:36 PDT"]
[Termination "Hikaru won on time"]

1. h4 d5 2. g3 Nc6 3. d4 e5 4. c3 Nf6 5. Bg2 Be7 6. Bg5 exd4 7.
cxd4 h6 8. Bxf6 Bxf6 9. e3 Ne7 10.
Bh3 O-O 11. Nc3 c5 12. Nge2 Bxh3 13. Rxh3 Qb6 14. Qd2 cxd4 15. exd4 Rad8 16. g4 Nc6 17. Rd1 Rfe8 18. Kf1 Be7 19. g5 hxg5 20. hxg5 Bb4 21. Qf4 Ne7 22. Ng3 Ng6 23. Qf3 Bxc3 24. bxc3 Qc7 25.
Qh5 Qf4 26. Kg2 Kf8 27. Rhh1 Rc8 28. Rd3 Ke7 29. Rf3 Rh8 30. Qxh8 Rxh8 31. Rxh8 Qg4 32.
Rh7 Kf8 33. Re3 Qxg5 34. Rh1 Nf4+ 35. Kf3 Ne6 36. Kg2 Nf4+ 37. Kf1 Ne6 38. Rh8+ Ke7 39.
Rh5 Qg6 40. Rxd5 Qb1+ 41. Kg2 Qxa2 42. Rf5 Kf8 43. d5 Nc5 44. Ne4 Nxe4 45. Rxe4 g6 46.
Rfe5 Qb3 47. d6 Qxc3 48. d7 1-0

[Event "Late-Titled-Tuesday-Blitz-April-30-2024"]
[Site "Chess.com"]
[Date "2024.04.30"]
[Round "8"]
[White "WoodlandMagic"]
[Black "xasid81"]
[Result "1-0"]
[WhiteElo "2869"]
[BlackElo "2647"]
[TimeControl "180+1"]
[EndTime "15:28:36 PDT"]
[Termination "WoodlandMagic won by resignation"]

1. e4 c6 2. Nf3 d5 3. Nc3 dxe4 4. Nxe4 Nf6 5. Qe2 Nxe4 6. Qxe4 Qd5 7. Qe3 Qe6 8. b3 Qxe3+ 9. fxe3 Bf5 10. Bb2 Nd7 11. O-O-O e6 12. Be2 Be7 13. Rhg1 Bf6 14. g4 Bxb2+ 15.
Kxb2 Bg6 16. h4 f6 17. a4 e5 18. a5 a6 19. d4 Be4 20. Nd2 Bg6 21. Nc4 Ke7 22.
g5 exd4 23. exd4 Bf7 24. Rde1 Bxc4 25. Bxc4+ Kf8 26. Be6 Rd8 27. Rgf1 h6 28. g6 h5 29. Rf5 Re8 30. Rff1 Re7 31. c4 Rh6 32. Bf5 c5 33. Rxe7 Kxe7 34. Re1+ Kd8 35. Re6 Nf8 36. Rd6+ Kc7 37. dxc5 Nxg6 38. Rd7+ Kc6 39. Rxg7 Nxh4 40. Be4+ Kxc5 41. Bxb7 f5 42. Kc3 Kd6 43. Bxa6 Rf6 44. b4 f4 45. c5+ Ke5 46. Bf1 Nf5 47.
Rg5 h4 48. a6 f3 49. a7 Rf8 50.
Bd3 f2 51. a8=Q Rxa8 52. Rxf5+ Ke6 53. Rxf2 Ra3+ 54. Kd4 Ra2 55. Bc4+ 1-0

[Event "Late-Titled-Tuesday-Blitz-April-30-2024"]
[Site "Chess.com"]
[Date "2024.04.30"]
[Round "8"]
[White "KebabJangles"]
[Black "flubs"]
[Result "1/2-1/2"]
[WhiteElo "2332"]
[BlackElo "2494"]
[TimeControl "180+1"]
[EndTime "15:28:37 PDT"]
[Termination "Game drawn - insufficient material"]

1. d4 d5 2. c4 Nc6 3. Nf3 Bg4 4.
cxd5 Bxf3 5. dxc6 Bxc6 6. Nc3 Nf6 7. f3 e5 8. dxe5 Qxd1+ 9. Kxd1 Nd7 10. Bf4 Bb4 11.
Kc2 O-O-O 12. a3 Bxc3 13. Kxc3 h6 14. e4 Rhe8 15. Bc4 Re7 16. Rad1 Rf8 17. Rd2 Nxe5 18. Bxe5 Rxe5 19. Rhd1 Re7 20. b4 a6 21. Rd4 b5 22. Bb3 f5 23. exf5 Rxf5 24. Rd8+ Kb7 25.
R1d2 Rh5 26. h3 Rg5 27. R8d4 h5 28. Bc2 Rge5 29. Bd3 Re1 30. Rh4 R7e5 31. Rf4 Rc1+ 32. Kb2 Rg1 33. Rf7 g5 34. Rf6 Rd5 35. Kc2 h4 36. Rxc6 Rxd3 37. Rxc7+ Kxc7 38. Kxd3 Kd6 39. Ke4+ Ke6 40. Rc2 Re1+ 41. Kd4 Kd6 42. Ra2 Rb1 43. Ke4 Ke6 44. Ke3 Ke5 45. Kd3 Kf4 46. Kd4 Rc1 47. Re2 Kg3 48. Re5 Kxg2 49. Rxg5+ Kxh3 50. Rg6 Ra1 51. Rxa6 Kg3 52. Ra5 h3 53. Rxb5 h2 54. Rh5 Rxa3 55. f4 Rb3 56. Kc5 Rb2 57. b5 Kxf4 58.
b6 Kg3 59. Kc6 Kg2 60. b7 h1=Q 61. Rxh1 Kxh1 62. Kc7 Kg2 63. b8=Q Rxb8 64. Kxb8 1/2-1/2

[Event "Late-Titled-Tuesday-Blitz-April-30-2024"]
[Site "Chess.com"]
[Date "2024.04.30"]
[Round "8"]
[White "TheoSlade"]
[Black "Ajedrez_con_German"]
[Result "1/2-1/2"]
[WhiteElo "2454"]
[BlackElo "2626"]
[TimeControl "180+1"]
[EndTime "15:28:39 PDT"]
[Termination "Game drawn - insufficient material"]

1. d4 Nf6 2. c4 g6 3. Nc3 Bg7 4. e4 O-O 5. Nf3 d6 6. Be2 c5 7. O-O cxd4 8. Nxd4 Nc6 9. Be3 Nxd4 10. Bxd4 Bd7 11.
Qd2 Bc6 12. Nd5 Nxe4 13. Qe3 Bxd5 14. cxd5 Bxd4 15. Qxd4 Nf6 16. Rac1 Qb6 17. Qxb6 axb6 18. Bc4 Rfc8 19. Bb3 Rc5 20. Rfe1 Kf8 21. Kf1 Rac8 22.
Rxc5 bxc5 23. a4 Rb8 24. Bc4 Ne8 25. b4 b6 26. a5 cxb4 27. a6 Nc7 28. Rb1 b5 29.
Rxb4 Nxa6 30. Rxb5 Rxb5 31. Bxb5 Nc7 32. Bc4 Ke8 33.
Ke2 Kd7 34. Ke3 Kc8 35. Kd4 Kb7 36. h4 Kb6 37. h5 gxh5 38. g3 h6 39. Be2 h4 40.
gxh4 e6 41. dxe6 fxe6 42. Ke4 Kc6 43. Kf4 Kd5 44. Kg4 Ke5 45. Kh5 Nd5 46. Kxh6 Kf6 47. h5 Ne7 48. Kh7 Nf5 49. Bd3 d5 50. h6 d4 51.
Bxf5 Kxf5 52. Kg7 d3 53. h7 d2 54. h8=Q d1=Q 55. Qh3+ Qg4+ 56. Qxg4+ Kxg4 57. Kf6 Kf3 58. Kxe6 Kxf2 1/2-1/2

[Event "Late-Titled-Tuesday-Blitz-April-30-2024"]
[Site "Chess.com"]
[Date "2024.04.30"]
[Round "8"]
[White "osielchesslover2011"]
[Black "masterofpuppets2"]
[Result "1-0"]
[WhiteElo "2248"]
[BlackElo "2450"]
[TimeControl "180+1"]
[EndTime "15:28:39 PDT"]
[Termination "osielchesslover2011 won by checkmate"]

1. e4 e5 2. Nf3 Nc6 3. Bb5 a6 4. Ba4 Nf6 5. O-O d6 6. Re1 Bd7 7. Bb3 g6 8. c3 Bg7 9. d4 O-O 10. Nbd2 exd4 11. cxd4 Nb4 12. Nf1 c5 13. e5 dxe5 14.
dxe5 Nh5 15. Bg5 Qb6 16. Qxd7 Nc6 17. e6 fxe6 18. Rxe6 Kh8 19. Rae1 c4 20. Bxc4 Qc5 21. Bd5 Nb4 22. Ne3 Nd3 23. Be7 Qa5 24. Bxf8 Nxe1 25. Bxg7+ Nxg7 26. Ng5 Nd3 27. Nc4 Qc5 28. Nf7+ Kg8 29.
h3 Qxf2+ 30. Kh2 Qxf7 31. Qxf7+ Kxf7 32. Re3+ Kf6 33. Rxd3 Nf5 34. g4 Ne7 35. Rf3+ Kg7 36. Bxb7 Rb8 37. Nd6 Ng8 38. Rf7+ Kh6 39. Rc7 Nf6 40.
Rc8 Rxc8 41. Nxc8 Ne8 42. Bxa6 Nc7 43. Bc4 Kg5 44. b4 Kf6 45. b5 Ke5 46. b6 Ne8 47. b7 Ke4 48. b8=Q Kd4 49. Nd6 Nxd6 50. Qxd6+ Kxc4 51. Qe7 g5 52. Qxh7 Kd4 53. Qg6 Kc3 54. Qxg5 Kc2 55. h4 Kb2 56. h5 Kc2 57. h6 Kb2 58. h7 Kc2 59. h8=Q Kb1 60. Qhf6 Kxa2 61. Qge5 Kb1 62. Qfd6 Ka2 63. Qec5 Kb1 64. Qdb6+ Ka2 65.
Qca5# 1-0

[Event "Late-Titled-Tuesday-Blitz-April-30-2024"]
[Site "Chess.com"]
[Date "2024.04.30"]
[Round "8"]
[White "Godzillator"]
[Black "Navyblue1"]
[Result "0-1"]
[WhiteElo "2377"]
[BlackElo "2243"]
[TimeControl "180+1"]
[EndTime "15:28:39 PDT"]
[Termination "Navyblue1 won by checkmate"]

1. e4 c5 2. Nc3 d6 3. g3 g6 4. Bg2 Bg7 5. Nge2 Nc6 6. O-O e6 7. f4 Nge7 8. d3 O-O 9. Kh1 Rb8 10. Be3 b5 11. Qd2 b4 12. Nd1 a5 13. g4 f5 14. gxf5 gxf5 15. exf5 exf5 16. Ng3 Qe8 17. Rg1 Qf7 18. Bf3 Kh8 19. Nh5 Rg8 20. Nxg7 Rxg7 21.
Nf2 Be6 22. Rxg7 Qxg7 23. Re1 Bd5 24. Bxd5 Nxd5 25. Nh3 h6 26. b3 Rg8 27. Rg1 Qf6 28. Rxg8+ Kxg8 29. Qg2+ Kh7 30. Qxd5 Qa1+ 31. Bg1 Nd4 32.
Qf7+ Kh8 33. Qf8+ Kh7 34. Qxd6 Qf1 35. Qd5 Qxh3 36. Bxd4 cxd4 37. Qg2 Qe3 38. h3 Qxf4 39. Qb7+ Kg6 40. Qa6+ Kh5 41. Qf6 Qf1+ 42. Kh2 Qf2+ 43. Kh1 Qf3+ 44. Kg1 Qg3+ 45. Kf1 Qxh3+ 46. Kf2 Qh4+ 47.
Qxh4+ Kxh4 48. Kf3 Kg5 49. c4 dxc3 50. d4 c2 51. Ke3 f4+ 52. Kd2 Kf5 53. Kxc2 Ke4 54.
d5 Kxd5 55. Kd3 h5 56. Ke2 Ke4 57. Kf2 h4 58. Kg2 Ke3 59. Kh2 Ke2 60. Kh3 f3 61.
Kxh4 f2 62. Kg3 f1=Q 63. a4 Qf8 64. Kg4 Ke3 65. Kg5 Ke4 66. Kg6 Ke5 67. Kh7 Qf1 68.
Kg6 Ke6 69. Kg5 Qf5+ 70. Kh6 Qg4 71. Kh7 Kf7 72. Kh8 Qg7# 0-1

[Event "Late-Titled-Tuesday-Blitz-April-30-2024"]
[Site "Chess.com"]
[Date "2024.04.30"]
[Round "8"]
[White "HamedWafa4"]
[Black "manmanlai1"]
[Result "0-1"]
[WhiteElo "2710"]
[BlackElo "2562"]
[TimeControl "180+1"]
[EndTime "15:28:42 PDT"]
[Termination "manmanlai1 won by checkmate"]

1. e4 c5 2. Nf3 e6 3. c3 Nf6 4. Bd3 d5 5. e5 Nfd7 6. Bc2 b6 7. O-O Ba6 8. Re1 Nc6 9. d3 Qc7 10. Bf4 h6 11. h4 Be7 12. h5 Bb7 13. Nbd2 g5 14.
hxg6 fxg6 15. d4 Nf8 16. Bg3 O-O-O 17. a3 g5 18. b4 c4 19. a4 Kb8 20. a5 b5 21. a6 Bc8 22. Nb1 Bd7 23. Na3 Qb6 24. Qd2 Ka8 25. Bd1 Be8 26. Bc2 Bg6 27. Reb1 Rg8 28.
Bxg6 Nxg6 29. Nc2 Rdf8 30. Nce1 Qd8 31. Ra5 Nxa5 32. bxa5 Qxa5 33. Nc2 Qxa6 34. Nb4 Bxb4 35. Rxb4 Qb6 36. Qb2 a6 37. Qb1 Rf7 38. Rb2 Ka7 39. Nh2 h5 40. f3 Ne7 41. Bf2 Kb7 42. Qa2 Nc6 43. Qb1 Qa5 44. Qc1 Ka7 45. Be3 g4 46. f4 Rb7 47. f5 exf5 48. Bd2 Qb6 49. Nf1 Nxe5 50. Ra2 Nd3 51. Qa1 f4 52. Be1 g3 53.
Bd2 h4 54. Bc1 Rh7 55. Ba3 Kb7 56. Bc5 Qe6 57. Qd1 Re8 58. Nd2 h3 59. Nf3 hxg2 60. Kxg2 Qh3+ 61. Kg1 Qh1# 0-1

[Event "Late-Titled-Tuesday-Blitz-April-30-2024"]
[Site "Chess.com"]
[Date "2024.04.30"]
[Round "8"]
[White "shirovin"]
[Black "Cacriefils1984"]
[Result "1/2-1/2"]
[WhiteElo "2085"]
[BlackElo "2349"]
[TimeControl "180+1"]
[EndTime "15:28:44 PDT"]
[Termination "Game drawn by repetition"]

1. e4 Nc6 2. Nf3 d6 3. d4 Nf6 4.
Nc3 g6 5. Be2 Bg7 6. h3 O-O 7. O-O a6 8. Be3 b5 9. a3 e5 10. dxe5 Nxe5 11. Nxe5 dxe5 12. Qxd8 Rxd8 13. Rfd1 Bb7 14. f3 Nh5 15. Nd5 Bxd5 16. Rxd5 c6 17. Rdd1 Nf4 18. Bxf4 exf4 19. c3 Bf8 20. Rxd8 Rxd8 21.
Rd1 Bc5+ 22. Kf1 Rxd1+ 23. Bxd1 Kg7 24. Ke2 Kf6 25. Kd3 Kg5 26. Bb3 f6 27. Bg8 h6 28.
Be6 Kh4 29. Ke2 Kg3 30. Kf1 Be3 31.
b3 c5 32. c4 bxc4 33. Bxc4 a5 34. a4 Kh4 35. Ke2 Kg5 36. Bd5 f5 37. e5 Bd4 38.
e6 Kf6 39. Kd3 Ke7 40. Kc4 Bf2 41. Kb5 Be1 42. Kxc5 Bb4+ 43. Kd4 Bd6 44. Bc4 Bb4 45. Kd5 Bd6 46. Kc6 Bb4 47. Bd3 Bd6 48. Bc4 Bb4 49. Kd5 Ba3 50. Bd3 Bb4 51. h4 h5 52. Ke5 Bd6+ 53. Kd5 Bb4 54. Bb5 Bd6 55. Bd7 Bb4 56. Ke5 Bd6+ 57. Kd5 Bb4 58. Kc4 Be1 59. Kb5 Bb4 60.
Kc4 Bd6 61. Kb5 Bb4 62. Kc4 1/2-1/2

[Event "Late-Titled-Tuesday-Blitz-April-30-2024"]
[Site "Chess.com"]
[Date "2024.04.30"]
[Round "8"]
[White "Sinquefield"]
[Black "Alex_Sahakyan2006"]
[Result "0-1"]
[WhiteElo "2532"]
[BlackElo "2825"]
[TimeControl "180+1"]
[EndTime "15:28:45 PDT"]
[Termination "Alex_Sahakyan2006 won by resignation"]

1. e4 c6 2. d4 d5 3. exd5 cxd5 4. Bd3 Nc6 5. c3 Nf6 6. Bf4 g6 7. Qc2 Bg7 8. Nf3 Bg4 9. Nbd2 O-O 10. h3 Bxf3 11. Nxf3 Rc8 12. Qe2 Re8 13. O-O Nd7 14. Ne5 Ncxe5 15. dxe5 Nc5 16. Bc2 Qb6 17. Rab1 Ne6 18.
Be3 d4 19. cxd4 Nxd4 20. Bxd4 Qxd4 21. Rfe1 e6 22. Bb3 Rc5 23. Qf3 Rxe5 24. Rxe5 Bxe5 25. Qxb7 Qc5 26. Qd7 Rb8 27. Rd1 Bxb2 28. g3 Qf5 29. Kg2 a5 30. Rd3 Rf8 31. Rf3 Qe4 32. Qd2 Bd4 33.
Qxa5 Rc8 34. Qd2 Bg7 35. Qf4 Qb7 36. h4 h5 37. g4 hxg4 38. Qxg4 Rc5 39. Kh3 Rf5 40.
Kg3 Be5+ 41. Kg2 Rf4 42. Qg3 Qe4 43. Bd1 Rg4 44. Kf1 Rxg3 45. fxg3 Bd4 46. Be2 Qb1+ 47.
Kg2 Qxa2 48. Kf1 Qb1+ 49. Kg2 Qg1+ 50. Kh3 f5 51. Rf1 Qe3 52. Bf3 Be5 53. Kg2 Qd2+ 54. Rf2 Qe1 55. Be2 Bd4 0-1